 Dungeon Crawl Stone Soup version 0.16-a0-2063-g87d9768 (webtiles) character file.

785 Psiweapon the Shield-Bearer (level 7, -1/51 HPs)
             Began as a Vampire Fighter on Nov 11, 2014.
             Was a Follower of Makhleb.
             Succumbed to a scorpion's poison
             ... on level 5 of the Dungeon.
             The game lasted 00:29:18 (8046 turns).

Psiweapon the Shield-Bearer (Vampire Fighter)       Turns: 8046, Time: 00:29:18

Health: -1/51      AC:  6    Str: 15    XL:     7   Next: 56%
Magic:  12/12      EV:  6    Int: 12    God:    Makhleb [*.....]
Gold:   233        SH:  9    Dex: 13    Spells: 0 memorised, 6 levels left

rFire  . . .     SeeInvis +     a - +0 long sword
rCold  . . .     Clarity  .     b - +0 scale mail
rNeg   + . .     SustAb   +     c - +0 shield
rPois  .         Gourm    .     (no helmet)
rElec  .         Spirit   .     (no cloak)
rCorr  .         Warding  .     (no gloves)
rMut   .         Stasis   .     (no boots)
MR     +....                    (no amulet)
Stlth  ..........               t - ring of sustain abilities
                                f - ring of protection from magic

@: lethally poisoned, somewhat resistant to hostile enchantments, extremely
unstealthy
A: bottle blood, fangs 3, see invisible, unbreathing
a: Bat Form, Bottle Blood, Renounce Religion


You were on level 5 of the Dungeon.
You worshipped Makhleb.
Makhleb was aware of your devotion.
You were not thirsty.

You visited 1 branch of the dungeon, and saw 5 of its levels.
You also visited: Sewer.

You collected 233 gold pieces.

Inventory:

Hand weapons
 a - a +0 long sword (weapon)
 e - a +0 blowgun
 h - a +1 whip of flaming
Missiles
 g - 18 stones
 o - 12 poisoned needles
 x - 25 bolts
 D - 6 javelins (quivered)
Armour
 b - a +0 scale mail (worn)
 c - a +0 shield (worn)
Magical staves
 y - an uncursed staff of power {unknown}
Jewellery
 f - a ring of protection from magic (left hand)
 t - a ring of sustain abilities (right hand)
Magical devices
 w - a wand of fire (7)
Scrolls
 d - 2 scrolls of blinking {unknown}
 j - 2 scrolls of teleportation {unknown}
 n - 4 scrolls of identify {unknown}
 p - 3 scrolls of magic mapping {unknown}
 q - a scroll of recharging {unknown}
 v - a scroll of enchant armour {unknown}
 A - 2 scrolls of remove curse {unknown}
 B - 2 scrolls of random uselessness {unknown}
 E - a scroll of enchant weapon {unknown}
 F - a scroll of amnesia {unknown}
 G - a scroll of fear {unknown}
Potions
 k - 3 potions of agility {unknown}
 l - 2 potions of haste {unknown}
 m - 2 potions of invisibility {unknown}
 r - 2 potions of flight {unknown}
 s - 2 potions of magic {unknown}
 u - 2 potions of brilliance {unknown}
 C - a potion of heal wounds {unknown}
Books
 z - a book of Envenomations

   Spells                             Type                      Level
   Spider Form                        Transmutation/Poison         3
   Alistair's Intoxication            Transmutation/Poison         4
   Olgreb's Toxic Radiance            Poison                       4
   Poisonous Cloud                    Conjuration/Poison/Air       6


   Skills:
 - Level 2.7 Fighting
 - Level 5.1 Long Blades
 - Level 2.4 Armour
 - Level 5.2 Shields
 + Level 4.2 Invocations


You had 6 spell levels left.
You didn't know any spells.

Dungeon Overview and Level Annotations

Branches:
Dungeon (5/15)
 Temple: D:4-7

Altars:
Fedhas
Gozag
Makhleb
Nemelex Xobeh

Annotations:
D:3 enchanted long sword on permatele trap


Innate Abilities, Weirdness & Mutations

You can bottle blood from corpses.
You have razor-sharp teeth.
You have supernaturally acute eyesight.
You can survive without breathing.


Message History

There is a lethal amount of poison in your body!
There is a lethal amount of poison in your body!
Quiver which item? (- for none, * to show all) (? for menu, Esc to quit)
Okay, then.
Quiver which item? (- for none, * to show all) (? for menu, Esc to quit)
Okay, then.
You closely miss the scorpion.
The scorpion is almost dead.
* * * LOW HITPOINT WARNING * * *
You feel sick. The scorpion stings you.
* * * LOW HITPOINT WARNING * * *
You are more poisoned.
The scorpion poisons you!
You hit the scorpion but do no damage.
The scorpion is almost dead.
* * * LOW HITPOINT WARNING * * *
You feel sick. You block the scorpion's attack.
Your shield and scale mail prevent you from hitting the scorpion.
The scorpion is almost dead.
You die...

#...... ### .####
#.##.##
#.......###.##.##
#.##.##........##
#.##........#####
#######.#####.###.####.
#.......#####..........
#........###.##.#.
#@.........#......
#s##.#.###.####.##
#.##.#.# .# ##.##
........ # #...#
....#.#..# #...#
###.###...# #.<.# .##
#... #...# #
##.######...#
..#.........


You could see a scorpion.

Vanquished Creatures
  A phantom (D:4)
  An ice beast (D:5)
  The ghost of jordan the Cutter, an average DEFi of Trog (D:4)
  2 big kobolds (Sewer)
  An orc priest (D:4)
  A worker ant (D:4)
  11 adders
  8 gnolls (D:3)
  A green rat (Sewer)
  A giant mite (D:3)
  A shadow imp (D:5)
  5 worms
  5 giant geckos
  5 oozes
  3 orcs (D:4)
  14 bats
  5 goblins
  8 hobgoblins
  15 jackals
  2 quokkas
  4 ball pythons
  3 giant cockroaches
  3 giant newts
  A hobgoblin skeleton (D:4)
  19 kobolds
  A kobold skeleton (D:5)
  An orc zombie (D:5)
  15 rats
138 creatures vanquished.

Notes
Turn   | Place    | Note
--------------------------------------------------------------
     0 | D:1      | Psiweapon, the Vampire Fighter, began the quest for the Orb.
     0 | D:1      | Reached XP level 1. HP: 17/17 MP: 1/1
   323 | D:1      | Reached XP level 2. HP: 20/23 MP: 2/2
   388 | D:1      | Reached skill level 3 in Long Blades
   664 | D:2      | Reached XP level 3. HP: 15/28 MP: 3/3
   874 | D:2      | Reached skill level 4 in Long Blades
  1216 | D:2      | Reached XP level 4. HP: 34/34 MP: 4/4
  1498 | D:3      | Reached skill level 5 in Long Blades
  1508 | D:3      | Found a glowing drain.
  1512 | Sewer    | Entered a sewer
  1538 | Sewer    | Reached XP level 5. HP: 18/39 MP: 5/5
  1568 | Sewer    | Noticed a big kobold
  1574 | Sewer    | Killed a big kobold
  4388 | Sewer    | Noticed a big kobold
  4411 | Sewer    | Killed a big kobold
  4411 | Sewer    | Reached XP level 6. HP: 30/46 MP: 6/6
  4561 | D:3      | Found a burning altar of Makhleb.
  4710 | D:3      | Reached skill level 5 in Shields
  5283 | D:3      | Became a worshipper of Makhleb the Destroyer
  5577 | D:4      | Noticed jordan's ghost (average DEFi)
  6091 | D:4      | Found an opulent altar of Gozag.
  6175 | D:4      | Reached skill level 1 in Invocations
  6680 | D:4      | Reached XP level 7. HP: 46/51 MP: 9/9
  6867 | D:4      | Found a blossoming altar of Fedhas.
  7112 | D:4      | Killed jordan's ghost
  7204 | D:4      | Found a sparkling altar of Nemelex Xobeh.
  7310 | D:4      | Acquired Makhleb's first power
  7830 | D:5      | Entered Level 5 of the Dungeon
  8044 | D:5      | HP: 2/51 [scorpion (2)]
  8046 | D:5      | Succumbed to a scorpion's poison

Action                   |  1- 3 |  4- 6 |  7- 9 || total
-------------------------+-------+-------+-------++-------
Melee: Long sword        |   159 |   273 |   123 ||   555
Throw: Stone             |     4 |    12 |       ||    16
       Javelin           |       |       |     4 ||     4
 Abil: End Transformatio |       |     1 |       ||     1
       Bat Form          |       |     1 |       ||     1
  Use: Potion            |     1 |     2 |     1 ||     4
 Stab: Distracted        |     1 |       |       ||     1
  Eat: Corpse            |    11 |     8 |     4 ||    23
